 Dungeon Crawl Stone Soup version 0.24-a0-284-g9fb9971df1 (webtiles) character file.

Game seed: 827772914687713214

21 HAL9000 the Vexing (level 2, 0/13 HPs)
             Began as a Vine Stalker Enchanter on May 4, 2019.
             Slain by Natasha (5 damage)
             ... on level 1 of the Dungeon.
             The game lasted 00:01:52 (1008 turns).

HAL9000 the Vexing (Vine Stalker Enchanter)         Turns: 1008, Time: 00:01:52

Health: 0/13       AC:  4    Str: 10    XL:     2   Next: 87%
Magic:  0/6        EV: 17    Int: 15    God:
Gold:   19         SH:  0    Dex: 14    Spells: 2/5 levels left

rFire    . . .     SeeInvis .   a - +1 dagger
rCold    . . .     Gourm    .   (no shield)
rNeg     . . .     Faith    .   b - +0 robe
rPois    .         Spirit   +   (no helmet)
rElec    .         Reflect  .   (no cloak)
rCorr    .         Harm     .   h - +0 pair of gloves
MR       .....                  i - +0 pair of boots
Stlth    ++........             (no amulet)
HPRegen  0.04/turn              c - +5 ring of evasion
MPRegen  0.10/turn              (no ring)

@: very slightly contaminated, slowed, very slow
A: fangs 2, magic shield, antimagic bite, no potion heal 3, rot immunity
a: no special abilities


You were on level 1 of the Dungeon.
You were hungry.

You visited 1 branch of the dungeon, and saw 2 of its levels.

You collected 19 gold pieces.

Inventory:

Hand Weapons
 a - a +1 dagger (weapon)
Armour
 b - a +0 robe (worn)
 h - a +0 pair of gloves (worn)
 i - a +0 pair of boots (worn)
Jewellery
 c - a +5 ring of evasion (left hand)
 m - an uncursed amulet of rage {unknown}
Scrolls
 g - a scroll of enchant weapon {unknown}
 j - a scroll of identify {unknown}
 l - a scroll of random uselessness {unknown}
Potions
 e - 2 potions of degeneration {unknown}
 f - a potion of curing {unknown}
Comestibles
 d - 2 rations


   Skills:
 + Level 1.2 Short Blades
 - Level 1.5 Dodging
 - Level 3.6 Stealth
 - Level 2.1 Spellcasting
 + Level 3.8 Hexes


You had 2 spell levels left.
You knew the following spells:

 Your Spells              Type           Power        Failure   Level  Hunger
a - Corona                Hex            ##.....      4%          1    #......
b - Ensorcelled Hibernat  Hex/Ice        #.....       16%         2    ###....

Your spell library contained the following spells:

 Spells                   Type           Power        Failure   Level  Hunger
 Confuse                  Hex            ##......     13%         3    ###....
 Tukima's Dance           Hex            ##......     13%         3    ###....
 Dazzling Spray           Conj/Hex       #.....       30%         3    ###....


Dungeon Overview and Level Annotations

Branches:
Dungeon (2/15)

Altars:

Annotations:
D:1 Natasha


Innate Abilities, Weirdness & Mutations

You have extremely sharp teeth.
When hurt, damage is shared between your health and your magic reserves.
Your bite disrupts and absorbs the magic of your enemies.
Potions cannot restore your health.
You are immune to rotting.


Message History

Natasha stares at you and mumbles some strange words.
The magic dart hits you. Natasha completely misses you.
You hit Natasha but do no damage. Your bite misses Natasha.
Natasha is moderately wounded.
Natasha closely misses you.
You closely miss Natasha.
Natasha is moderately wounded.
Natasha misses you.
The shadow imp disappears for a moment.
Natasha casts a spell.
You hit Natasha. You bite Natasha.
Natasha's magic leaks into the air.
You drain her magic.
You feel invigorated.
Natasha is almost dead.
Natasha falters for a moment.
The white imp hits you but does no damage.
Natasha completely misses you. The shadow imp puffs mist at you.
Natasha claws you! Natasha claws you!
You die...

.#########'#########.#..).....#
...#.............# #..........#
.###.###########.# ##..#.######
.# #..#.......#..# ##.......#
## #.#.#######.#.# #........#
#.##.......##.# #..>.....#
#.#.###'###.#.# #.#......# ##
#.#.#.....#.#.# #........#
.###.#.#.....#.#@###........#
.'.'.#.+..<..+.#5h55........#
####.#.#.....#.#.###........#
#.#.#.....#.#.# #........#
#.#.###+###.#.# ####.....#
#.##.......##.# #.......#
#.#.#######.#.# #.......#
#..#.......#..# #.......#
#.###########.# #.......#


You could see Natasha, a white imp and 2 shadow imps.

Vanquished Creatures
  A dart slug (D:1)
  3 bats (D:1)
  A giant cockroach (D:1)
  5 goblins (D:1)
  A hobgoblin (D:1)
  A ball python (D:1)
  4 frilled lizards
  3 kobolds (D:1)
  2 rats (D:1)
21 creatures vanquished.

Notes
Turn   | Place    | Note
-------+----------+-------------------------------------------
     0 | D:1      | HAL9000 the Vine Stalker Enchanter began the quest for the
                  | Orb.
     0 | D:1      | Reached XP level 1. HP: 9/9 MP: 4/4
   604 | D:1      | Reached XP level 2. HP: 13/13 MP: 6/6
   652 | D:1      | Reached skill level 1 in Short Blades
   661 | D:1      | Learned a level 2 spell: Ensorcelled Hibernation
   981 | D:2      | Noticed Natasha
   986 | D:2      | Noticed a crimson imp
  1008 | D:1      | Slain by Natasha

Levels and vault maps discovered:
D:1:      matt_arrival_los_fun, layout_basic, minmay_misc_feat_plants
D:2:      layout_rooms, gammafunk_temple_overflow_arena,
          overflow_temple_1_default, chequers_temple_overflow_statue_of_worship,
          first_ration, feat_on_display, uniq_natasha

Skill      XL: |  1  2 |
---------------+-------+-----
Short Blades   | 1 |  1.2
Dodging        | |  1.5
Stealth        | |  3.6
Spellcasting   | |  2.1
Hexes          | |  3.8

Action                   || total
-------------------------++-------
Melee: Dagger            ||    75
       Bite              ||    18
 Cast: Corona            ||     6
       Ensorcelled Hiber ||     2
 Stab: Sleeping          ||     4
Armor: Robe              ||    14
Dodge: Dodged            ||    71

Table legend:
 A = Non-vault XP
 B = Vault XP
 C = Vault XP percentage of total XP
 D = Non-vault monster count
 E = Vault monster count
 F = Vault count percentage of total count
                 A         B        C        D         E       F
            +---------+---------+-------+---------+---------+-------
      Total |      31 |       0 |   0.0 |      21 |       0 |   0.0
            +---------+---------+-------+---------+---------+-------
        D:1 |      30 |       0 |   0.0 |      20 |       0 |   0.0
        D:2 |       1 |       0 |   0.0 |       1 |       0 |   0.0
            +---------+---------+-------+---------+---------+-------
